 Dungeon Crawl Stone Soup version 0.31-a0-174-g85c54bcb58 (webtiles) character file.

Game seed: 17774387771441944465

749 qw the Skirmisher (level 7, -12/44 HPs)
             Began as a Gargoyle Hunter on June 15, 2023.
             Was an Initiate of Okawaru.
             Mangled by an ogre
             ... wielding a +0 giant club
              (16 damage)
             ... on level 5 of the Dungeon.
             The game lasted 00:01:56 (4659 turns).

qw the Skirmisher (Gargoyle Hunter)                 Turns: 4659, Time: 00:01:57

Health: -12/44     AC:  9    Str: 14    XL:     7   Next: 77%
Magic:  7/7        EV: 12    Int: 10    God:    Okawaru [......]
Gold:   356        SH:  0    Dex: 15    Spells: 6/6 levels left

rFire   . . .        Y - +0 shortbow
rCold   . . .        (shield currently unavailable)
rNeg    + . .        j - +1 robe {Will+}
rPois   inf          i - +1 helmet
rElec   +            (no cloak)
rCorr   .            (no gloves)
SInv    .            (no boots)
Will    +....        (no amulet)
Stlth   ++           (no ring)
HPRegen 0.27/turn    (no ring)
MPRegen 0.10/turn

%: no passive effects
@: about to teleport
A: sickness immunity, AC +4, negative energy resistance 1, electricity
resistance, torment resistance 1, petrification resistance
a: Renounce Religion


You were on level 5 of the Dungeon.
You worshipped Okawaru.
Okawaru was noncommittal.
You visited 2 branches of the dungeon, and saw 6 of its levels.

You collected 356 gold pieces.


Innate Abilities, Weirdness & Mutations

You are immune to sickness and miasma.
Your stone body is resilient. (AC +4)
You are immune to poison.
You resist negative energy. (rN+)
You are resistant to electric shocks. (rElec)
You are resistant to unholy torment.
You are immune to petrification.


   Skills:
 + Level 4.7 Fighting
 - Level 8.2 Ranged Weapons
 - Level 2.2 Dodging
 - Level 1.1 Stealth


You had 6 spell levels left.
You didn't know any spells.
Your spell library was empty.

Inventory:

Hand Weapons
 Y - a +0 shortbow (weapon)
Armour
 f - a +0 pair of boots
 i - a +1 helmet (worn)
 j - a +1 robe of willpower (worn)
 l - a +0 ring mail
Scrolls
 e - a scroll of identify
Potions
 a - a potion of resistance {unknown}
 b - 2 potions of might
 d - a potion of curing
 k - a potion of heal wounds {unknown}

Dungeon Overview and Level Annotations

Branches:
Dungeon (5/15)             Temple (1/1) D:5

Altars:
Ashenzari
Cheibriados
Dithmenos
Fedhas
Hepliaklqana
Kikubaaqudgha
Nemelex Xobeh
Okawaru
Qazlal
Ru
Sif Muna
Trog
Uskayaw
Vehumet
Wu Jian
Xom
Yredelemnul
Zin


Message History

The hound barely misses you.
You shoot an arrow. The arrow closely misses the hound.
The orc closely misses you. The hound misses you.
The orc hits you with a +0 flail.
You shoot an arrow. The arrow hits the hound!
The hound is almost dead.
The hound barely misses you. The orc hits you with a +0 flail.
The hound bites you but does no damage.
You shoot an arrow. The arrow closely misses the hound.
The orc barely misses you. The hound bites you. The orc misses you.
You shoot an arrow. The arrow hits the hound.
The hound is almost dead.
The hound bites you but does no damage. The orc barely misses you.
The hound bites you but does no damage. The ogre barely misses you.
You shoot an arrow. The arrow barely misses the hound.
The orc hits you with a +0 flail. The orc hits you but does no damage.
The hound bites you but does no damage.
You shoot an arrow.
The arrow hits the hound but does no damage.
The hound is almost dead.
The orc barely misses you. The hound bites you. The ogre misses you.
You shoot an arrow. The arrow hits the hound.
You kill the hound!
Okawaru accepts your kill. The orc completely misses you.
The orc closely misses you.
You shoot an arrow. The arrow completely misses the ogre.
The ogre hits you with a +0 giant club! The orc hits you but does no damage.
4657 ||| READING scroll of teleportation.
As you read the scroll of teleportation, it crumbles to dust.
You feel strangely unstable. The orc misses you.
The iguana hisses menacingly.
The ogre hits you with a +0 giant club. The orc hits you with a +0 flail.
You shoot an arrow. The arrow hits the ogre!
The ogre is moderately wounded.
The orc closely misses you.
You shoot an arrow. The arrow hits the ogre.
The ogre is moderately wounded.
The orc misses you. The ogre hits you with a +0 giant club!
You die...

...# #..# ######
...########....
#####.........
#####........
...##.......# ##+#
##..+.......## #..#
#.##........###.####..#
#/####+##.#....@ol.....
##'####....#.###O#.....#
#.....##...)>..........#
+......)..<..#.###..#..#
#............... .....(
##...........##.. ###.#
#.#.............#
.................#
##..#........#..


You could see an ogre, an iguana and an orc (fast).

Vanquished Creatures
  An ice beast (D:5)
  A phantom (D:4)
  A scorpion (D:4)
  A hound (D:5)
  A gnoll bouda (D:4)
  2 orc priests
  3 iguanas
  4 orc wizards
  7 gnolls
  5 adders
  An ufetubus (D:5)
  2 worms
  A dart slug (D:1)
  15 orcs
  4 endoplasms
  4 giant cockroaches
  10 goblins
  10 hobgoblins
  4 jackals (D:3)
  5 kobolds
  A quokka (D:2)
  4 ball pythons
  6 bats
  3 frilled lizards
  7 rats
103 creatures vanquished.

Notes
Turn   | Place    | Note
-------+----------+-------------------------------------------
     0 | D:1      | qw the Gargoyle Hunter began the quest for the Orb.
     0 | D:1      | Reached XP level 1. HP: 12/12 MP: 1/1
     0 | D:1      | 0 ||| qw: Version: 0.2-a-29-g511e9b1
     0 | D:1      | 0 ||| qw: Game counter: 5607
     0 | D:1      | 0 ||| qw: Always use a shield: true
     0 | D:1      | 0 ||| qw: God list: Okawaru
     0 | D:1      | 0 ||| qw: Allow faded altars: false
     0 | D:1      | 0 ||| qw: Do Orc after D:15 true
     0 | D:1      | 0 ||| qw: Do second Lair branch before Depths: true
     0 | D:1      | 0 ||| qw: Lair rune preference: random
     0 | D:1      | 0 ||| qw: Plans: Normal, Zot:1-4, Slime:5, God:TSO, Crypt,
                  | Tomb, Abyss, Pan, Hells, Win
     0 | D:1      | 0 ||| PLANNING D:1-11
   118 | D:1      | Found a faded altar of an unknown god.
   123 | D:1      | Reached XP level 2. HP: 17/17 MP: 2/2
   194 | D:1      | 194 ||| Stepping ~*~*~tactically~*~*~ (outnumbered).
   210 | D:1      | HP: 4/17 [dart slug/slug dart (2)]
   531 | D:1      | Reached XP level 3. HP: 21/21 MP: 3/3
   689 | D:1      | 689 ||| READING scroll labelled EGHORE GUZAQO.
   690 | D:1      | 690 ||| READING scroll labelled JAASHUFU BEGGA.
   691 | D:1      | 691 ||| READING scroll labelled CEQEEF FY NOOSCHU.
   692 | D:1      | 692 ||| READING scroll labelled MUCAEBLUNOU.
   693 | D:1      | 693 ||| DROPPING scroll of butterflies.
   737 | D:2      | Reached skill level 5 in Ranged Weapons
  1449 | D:2      | 1449 ||| READING 3 scrolls labelled CACARE CUOMOT.
  1450 | D:2      | 1450 ||| READING scroll labelled FAOBRUOSCHE.
  1451 | D:2      | 1451 ||| DRINKING 2 lumpy puce potions.
  1452 | D:2      | 1452 ||| READING 2 scrolls of identify.
  1452 | D:2      | 1452 ||| IDENTIFYING grey potion
  1569 | D:3      | Reached skill level 3 in Fighting
  1864 | D:3      | Reached XP level 4. HP: 28/28 MP: 4/4
  2066 | D:3      | Found a sparkling altar of Nemelex Xobeh.
  2382 | D:3      | Reached XP level 5. HP: 32/32 MP: 5/5
  2383 | D:3      | Reached skill level 6 in Ranged Weapons
  2472 | D:3      | 2472 ||| UPGRADING to +0 helmet.
  2477 | D:3      | 2477 ||| UPGRADING to +1 robe of willpower.
  2487 | D:3      | 2487 ||| DROPPING +0 leather armour.
  2488 | D:3      | 2488 ||| READING scroll of enchant armour.
  2488 | D:3      | 2488 ||| ENCHANTING +0 helmet.
  2489 | D:3      | 2489 ||| READING scroll labelled AKELEDGH SEXT.
  2493 | D:3      | 2493 ||| READING scroll labelled BACOAN WA HIU.
  2685 | D:4      | Noticed a phantom
  2709 | D:4      | Killed a phantom
  2710 | D:4      | Reached XP level 6. HP: 22/38 MP: 6/6
  3100 | D:4      | 3100 ||| Stepping ~*~*~tactically~*~*~ (outnumbered).
  3359 | D:4      | 3359 ||| Stepping ~*~*~tactically~*~*~ (outnumbered).
  3361 | D:4      | 3361 ||| Stepping ~*~*~tactically~*~*~ (outnumbered).
  3363 | D:4      | 3363 ||| Stepping ~*~*~tactically~*~*~ (outnumbered).
  3365 | D:4      | 3365 ||| Stepping ~*~*~tactically~*~*~ (outnumbered).
  3368 | D:4      | Reached skill level 7 in Ranged Weapons
  3370 | D:4      | 3370 ||| Stepping ~*~*~tactically~*~*~ (outnumbered).
  3686 | D:5      | Entered Level 5 of the Dungeon
  3692 | D:5      | 3692 ||| STAIRDANCE
  3712 | D:5      | 3712 ||| STAIRDANCE
  3722 | D:4      | Reached XP level 7. HP: 26/43 MP: 7/7
  3792 | D:5      | Found a staircase to the Ecumenical Temple.
  3794 | D:5      | 3794 ||| PLANNING TEMPLE
  3804 | Temple   | Entered the Ecumenical Temple
  3839 | Temple   | 3839 ||| PLANNING OKAWARU WORSHIP
  3985 | Temple   | Became a worshipper of Warmaster Okawaru
  3986 | Temple   | 3986 ||| PLANNING D:1-11
  4084 | D:5      | 4084 ||| Stepping ~*~*~tactically~*~*~ (outnumbered).
  4086 | D:5      | 4086 ||| Stepping ~*~*~tactically~*~*~ (outnumbered).
  4088 | D:5      | 4088 ||| Stepping ~*~*~tactically~*~*~ (outnumbered).
  4125 | D:5      | 4125 ||| FLEEEEING.
  4126 | D:5      | 4126 ||| FLEEEEING.
  4127 | D:5      | 4127 ||| FLEEEEING.
  4128 | D:5      | 4128 ||| FLEEEEING.
  4129 | D:5      | 4129 ||| FLEEEEING.
  4130 | D:5      | 4130 ||| FLEEEEING.
  4131 | D:5      | 4131 ||| FLEEEEING.
  4132 | D:5      | 4132 ||| FLEEEEING.
  4133 | D:5      | 4133 ||| FLEEEEING.
  4134 | D:5      | 4134 ||| FLEEEEING.
  4135 | D:5      | 4135 ||| FLEEEEING.
  4136 | D:5      | 4136 ||| FLEEEEING.
  4137 | D:5      | 4137 ||| FLEEEEING.
  4138 | D:5      | 4138 ||| FLEEEEING.
  4139 | D:5      | 4139 ||| FLEEEEING.
  4140 | D:5      | 4140 ||| FLEEEEING.
  4141 | D:5      | 4141 ||| FLEEEEING.
  4143 | D:5      | 4143 ||| FLEEEEING.
  4144 | D:5      | 4144 ||| FLEEEEING.
  4145 | D:5      | 4145 ||| FLEEEEING.
  4146 | D:5      | 4146 ||| FLEEEEING.
  4147 | D:5      | 4147 ||| FLEEEEING.
  4148 | D:5      | 4148 ||| FLEEEEING.
  4149 | D:5      | 4149 ||| FLEEEEING.
  4150 | D:5      | 4150 ||| FLEEEEING.
  4151 | D:5      | 4151 ||| FLEEEEING.
  4152 | D:5      | 4152 ||| FLEEEEING.
  4153 | D:5      | 4153 ||| FLEEEEING.
  4155 | D:5      | 4155 ||| FLEEEEING.
  4156 | D:5      | 4156 ||| FLEEEEING.
  4157 | D:5      | 4157 ||| STAIRDANCE
  4222 | D:4      | 4222 ||| DRINKING 2 viscous blue potions.
  4326 | D:4      | 4326 ||| DROPPING potion of berserk rage.
  4502 | D:5      | Reached skill level 8 in Ranged Weapons
  4656 | D:5      | HP: 10/44 [ogre/+0 giant club (10)]
  4657 | D:5      | 4657 ||| READING scroll of teleportation.
  4657 | D:5      | HP: 3/44 [orc/+0 flail (6)]
  4659 | D:5      | Mangled by an ogre

Levels and vault maps discovered:
D:1:      evilmike_arrival_plus, layout_loops_ring,
          hellmonk_ecumenical_altar_heavens_door, st_stairs_5
D:2:      layout_basic
D:3:      layout_basic, nemelex_xobeh_ov_fountains_minmay, st_stairs_14,
          minmay_pentomino_pile
D:4:      layout_basic
D:5:      layout_basic, lemuel_doored_altar, minmay_temple_entry_ruins
Temple:   minmay_crystal_spiral_temple

Skill      XL: |  1  2  3  4  5  6  7 |
---------------+----------------------+-----
Ranged Weapons | 5 6 7 8 |  8.2
Fighting       | 3 4 |  4.7
Dodging        | 2 |  2.2
Stealth        | |  1.1

Action                     |  1- 3 |  4- 6 |  7- 9 || total
---------------------------+-------+-------+-------++-------
   Fire: Shortbow          |   132 |   198 |   136 ||   466
    Use: Scroll            |     7 |     3 |     1 ||    11
         Potion            |     1 |       |     1 ||     2
 Armour: Leather armour    |    28 |    27 |       ||    55
         Robe              |       |    29 |    43 ||    72
  Dodge: Dodged            |    31 |    59 |    56 ||   146

Table legend:
 A = Non-vault XP
 B = Vault XP
 C = Vault XP percentage of total XP
 D = Non-vault monster count
 E = Vault monster count
 F = Vault count percentage of total count
                 A         B        C        D         E       F
            +---------+---------+-------+---------+---------+-------
      Total |    1058 |      12 |   1.1 |      98 |       5 |   4.9
            +---------+---------+-------+---------+---------+-------
        D:1 |      30 |       6 |  16.7 |      21 |       2 |   8.7
        D:2 |      31 |       0 |   0.0 |      10 |       0 |   0.0
        D:3 |     140 |       6 |   4.1 |      25 |       3 |  10.7
        D:4 |     397 |       0 |   0.0 |      24 |       0 |   0.0
        D:5 |     460 |       0 |   0.0 |      18 |       0 |   0.0
            +---------+---------+-------+---------+---------+-------
